 Dungeon Crawl Stone Soup version 0.22-a0-772-gac08f70 (webtiles) character file.

9893 Amnesiac the Thaumaturge (level 11, -10/71 HPs)
             Began as a Demonspawn Earth Elementalist on July 17, 2018.
             Was an Initiate of Gozag.
             Mangled by Urug
             ... wielding a +1 long sword of draining
              (25 damage)
             ... on level 10 of the Dungeon.
             The game lasted 00:29:34 (12941 turns).

Amnesiac the Thaumaturge (DsEE)                    Turns: 12941, Time: 00:29:35

Health: -10/71     AC:  9    Str:  9    XL:     11   Next: 29%
Magic:  0/36       EV: 13    Int: 19    God:    Gozag
Gold:   1283       SH:  0    Dex: 16    Spells: 20/35 levels left

rFire    + . .     SeeInvis +   a - +3 dagger (freeze)
rCold    + . .     Gourm    .   (no shield)
rNeg     . . .     Faith    .   C - +2 robe {rC+ rF+}
rPois    .         Spirit   +   (helmet unavailable)
rElec    .         Reflect  .   y - +0 cloak
rCorr    .         Harm     .   z - +0 pair of gloves
MR       .....                  D - +0 pair of boots
Stlth    +.........             (no amulet)
HPRegen  0.21/turn              p - ring of magical power
MPRegen  0.25/turn              e - +2 ring of dexterity

@: very slightly contaminated, very heavily drained
A: antennae 3, rugged brown scales 2, spiny 1, magic shield
a: Potion Petition, Call Merchant, Bribe Branch, Renounce Religion


You were on level 10 of the Dungeon.
You worshipped Gozag.
Gozag was most pleased with you.
You were not hungry.

You visited 2 branches of the dungeon, and saw 11 of its levels.

You collected 2168 gold pieces.
You spent 330 gold pieces at shops.
You paid 555 gold pieces to Gozag.

Inventory:

Hand Weapons
 a - a +3 dagger of freezing (weapon)
Missiles
 r - 234 stones (quivered)
Armour
 s - a +0 shield
 y - a +0 cloak (worn)
 z - a +0 pair of gloves (worn)
 C - a +2 robe of resistance (worn)
 D - a +0 pair of boots (worn)
Magical Staves
 b - an uncursed staff of earth
Jewellery
 e - a +2 ring of dexterity (right hand)
 p - a ring of magical power (left hand)
 H - an uncursed ring of flight
Wands
 n - a wand of enslavement (15)
 q - a wand of random effects (43)
 G - a wand of digging (7)
 K - a wand of polymorph (16)
Scrolls
 c - a scroll of vulnerability {!r, unknown}
 f - 3 scrolls of teleportation {!r}
 h - 4 scrolls of fear {!r}
 i - 3 scrolls of noise {!r}
 l - a scroll of enchant armour {!r}
 t - 4 scrolls of identify {!r}
 u - 4 scrolls of remove curse {!r}
 v - 2 scrolls of magic mapping {!r}
 B - 2 scrolls of blinking {!r}
 F - a scroll of brand weapon {!r}
Potions
 d - a potion of haste {!q}
 g - 2 potions of brilliance {!q, unknown}
 j - a potion of might {!q}
 k - 4 potions of flight {!q}
 m - 2 potions of curing {!q}
 o - 5 potions of lignification {!q}
 A - a potion of mutation {!q}
Comestibles
 J - 3 rations


   Skills:
 + Level 0.0 Fighting
 - Level 2.0(0.0) Short Blades
 - Level 6.7(3.0) Dodging
 - Level 2.0(0.0) Stealth
 - Level 12.5(8.2) Spellcasting
 - Level 2.0(0.0) Transmutations
 - Level 8.0(4.2) Earth Magic


You had 20 spell levels left.
You knew the following spells:

 Your Spells              Type           Power        Failure   Level  Hunger
a - Stone Arrow           Conj/Erth      ###...       12%         3    None
b - Passwall              Tmut/Erth      ###.....     6%          2    None
c - Sandblast             Erth           ###...       1%          1    None
d - Lee's Rapid Deconstr  Erth           ###.......   41%         5    #####..
e - Petrify               Tmut/Erth      ###.....     36%         4    ###....

Your spell library contained the following spells:

 Spells                   Type           Power        Failure   Level  Hunger


Dungeon Overview and Level Annotations

Branches:
Dungeon (10/15)            Temple (1/1) D:5
   Lair: D:8-11         Orc: D:9-12

Altars:
Ashenzari
Cheibriados
Dithmenos
Elyvilon
Fedhas
Gozag
Hepliaklqana
Kikubaaqudgha
Makhleb
Nemelex Xobeh
Okawaru
Qazlal
Ru
Sif Muna
Trog
Uskayaw
Vehumet
Wu Jian
Xom
Yredelemnul
Zin
The Shining One

Shops:
D:8 %   D:9 *

Annotations:
D:3 Meatbag's ghost, amateur GnFi
D:5 exclusion: centaur, Hebeh's ghost, novice DEFE
D:10 Urug


Innate Abilities, Weirdness & Mutations

You have a pair of large antennae on your head. (SInv)
You are mostly covered in rugged brown scales. (AC +2, +5% HP)
You are partially covered in sharp spines.
When hurt, damage is shared between your health and your magic reserves.


Message History

Urug hits you with a long sword of draining!!
* * * LOW HITPOINT WARNING * * *
You feel drained.
* * * LOW HITPOINT WARNING * * *
Unknown command.
Really quaff
x - 2 potions of heal wounds {!q}?
You feel much better. Urug misses you.
Evoke which item? (* to show all) (? for menu, Esc to quit)
Aiming: Random Effects
Press: ? - help, Shift-Dir - straight line, f/p - Urug
Aim: Urug, wielding a long sword of draining and wearing a scale mail (severely wounded) Urug easily resists.
Urug barely misses you.
Evoke which item? (* to show all) (? for menu, Esc to quit)
Aiming: Random Effects
Press: ? - help, Shift-Dir - straight line, f/p - Urug
Aim: Urug, wielding a long sword of draining and wearing a scale mail (severely wounded) Urug easily resists.
Urug hits you with a long sword of draining!!
* * * LOW HITPOINT WARNING * * *
You feel drained.
* * * LOW HITPOINT WARNING * * *
Evoke which item? (* to show all) (? for menu, Esc to quit)
Aiming: Random Effects
Press: ? - help, Shift-Dir - straight line, f/p - Urug
Aim: Urug, wielding a long sword of draining and wearing a scale mail (severely wounded) Urug easily resists.
Urug is struck by your spines.
Urug hits you with a long sword of draining.
* * * LOW HITPOINT WARNING * * *
You feel drained.
Evoke which item? (* to show all) (? for menu, Esc to quit)
Aiming: Random Effects
Press: ? - help, Shift-Dir - straight line, f/p - Urug
Aim: Urug, wielding a long sword of draining and wearing a scale mail (severely wounded) Urug easily resists.
Evoke which item? (* to show all) (? for menu, Esc to quit)
Aiming: Random Effects
Press: ? - help, Shift-Dir - straight line, f/p - Urug
Aim: Urug, wielding a long sword of draining and wearing a scale mail (severely wounded) Urug easily resists.
Urug is struck by your spines.
Urug hits you with a long sword of draining!
* * * LOW HITPOINT WARNING * * *
You feel drained.
* * * LOW HITPOINT WARNING * * *
Really quaff
x - a potion of heal wounds {!q}?
You feel much better. Urug is struck by your spines. Urug barely misses you.
Evoke which item? (* to show all) (? for menu, Esc to quit)
Aiming: Random Effects
Press: ? - help, Shift-Dir - straight line, f/p - Urug
Aim: Urug, wielding a long sword of draining and wearing a scale mail (severely wounded)
The puff of frost hits Urug.
Urug is almost dead.
Urug hits you with a long sword of draining!
* * * LOW HITPOINT WARNING * * *
You feel drained.
* * * LOW HITPOINT WARNING * * *
Evoke which item? (* to show all) (? for menu, Esc to quit)
Aiming: Random Effects
Press: ? - help, Shift-Dir - straight line, f/p - Urug
Aim: Urug, wielding a long sword of draining and wearing a scale mail (severely wounded) Urug flickers and vanishes for a moment.
Urug is struck by your spines.
Urug hits you with a long sword of draining!!
You die...
Your body crumbles into a pile of gold.

.# .# ######### .# .......... .#
######..........# .#
#...............# .####
#...............#
....#############...............#
................o...............#
................@.......<.......#
.................................
................................<
..............######.............
..............# .............
...########...# ......#######
...# #...# .... . #. .


You could see Urug (invisible).

Vanquished Creatures
  A yaktaur captain (D:9)
  2 two-headed ogres (D:9)
  The ghost of ThereIsNoGod the Geomancer, a novice OpEE of Vehumet (D:9)
  An obsidian statue (D:9)
  Psyche (D:9)
  A troll (D:10)
  A hippogriff (shapeshifter) (D:8)
  3 hippogriffs
  4 yaks (D:10)
  A shadow (D:9)
  Edmund (D:5)
  A water moccasin (D:9)
  Duvessa (D:4)
  A hornet zombie (D:9)
  A black bear (D:3)
  3 ice beasts
  3 ogres
  5 orc warriors
  6 sky beasts
  2 centaurs (D:6)
  2 big kobolds (D:8)
  9 bullfrogs
  A wyvern skeleton (D:6)
  Dowan (D:4)
  9 wights
  2 howler monkeys
  A quasit (D:9)
  5 hounds
  7 orc priests
  Crazy Yiuf (D:7)
  A bullfrog skeleton (D:4)
  A centaur skeleton (D:9)
  2 jellies
  2 iguanas
  14 orc wizards
  Ijyb (D:3)
  6 worker ants
  A statue (D:8)
  2 hound skeletons
  Robin (D:3)
  A howler monkey skeleton (D:8)
  16 adders
  4 shadow imps
  3 oozes
  4 worms
  3 dart slugs
  4 leopard geckos
  33 orcs
  3 giant cockroaches
  15 goblins
  7 hobgoblins
  3 quokkas
  8 bats
  5 frilled lizards
  13 kobolds
  A leopard gecko skeleton (D:8)
  8 rats
240 creatures vanquished.

Notes
Turn   | Place    | Note
-------+----------+-------------------------------------------
     0 | D:1      | Amnesiac the Demonspawn Earth Elementalist began the quest for the Orb.
     0 | D:1      | Reached XP level 1. HP: 13/13 MP: 3/3
   142 | D:2      | Gained mutation: You have a pair of small antennae on your head. [demonic ancestry]
   142 | D:2      | Reached XP level 2. HP: 14/19 MP: 0/5
   433 | D:4      | Noticed an ogre
   449 | D:4      | Killed an ogre
   449 | D:4      | Gained mutation: You are partially covered in rugged brown scales. (AC +1, +3% HP) [demonic ancestry]
   449 | D:4      | Reached XP level 3. HP: 19/24 MP: 0/7
   449 | D:4      | Reached XP level 4. HP: 24/30 MP: 0/8
   650 | D:4      | Reached skill level 3 in Spellcasting
   650 | D:4      | Reached XP level 5. HP: 36/36 MP: 4/9
   784 | D:4      | Noticed Duvessa
   919 | D:4      | Noticed Dowan
  1038 | D:4      | Reached skill level 5 in Earth Magic
  1038 | D:4      | Gained mutation: You have a pair of antennae on your head. [demonic ancestry]
  1038 | D:4      | Reached XP level 6. HP: 42/42 MP: 7/11
  1044 | D:4      | Learned a level 4 spell: Petrify
  1109 | D:4      | Learned a level 2 spell: Passwall
  1225 | D:4      | Learned a level 5 spell: Lee's Rapid Deconstruction
  1252 | D:5      | Entered Level 5 of the Dungeon
  1333 | D:5      | Noticed a sky beast
  1341 | D:5      | Killed a sky beast
  1341 | D:5      | Reached skill level 1 in Transmutations
  1451 | D:5      | Noticed Edmund
  1591 | D:5      | Found a large runed door.
  1614 | D:5      | Found a large runed door.
  1636 | D:5      | Noticed Hebeh's ghost (novice DEFE)
  1853 | D:5      | Found a staircase to the Ecumenical Temple.
  1862 | Temple   | Entered the Ecumenical Temple
  1909 | Temple   | Became a worshipper of Gozag Ym Sagoz the Greedy
  2356 | D:6      | Gained mutation: You are partially covered in sharp spines. [demonic ancestry]
  2356 | D:6      | Reached XP level 7. HP: 47/47 MP: 8/12
  2772 | D:4      | Reached skill level 1 in Short Blades
  2773 | D:4      | Reached skill level 4 in Spellcasting
  2998 | D:3      | Noticed Ijyb
  3015 | D:3      | Killed Ijyb
  3854 | D:2      | Found a bloodstained altar of Trog.
  4428 | D:3      | Noticed Robin
  4460 | D:3      | Killed Robin
  4698 | D:3      | Found a transporter.
  4698 | D:3      | Noticed Meatbag's ghost (amateur GnFi)
  4699 | D:3      | Found a transporter.
  5462 | D:3      | Learned a level 3 spell: Stone Arrow
  6108 | D:4      | Killed Dowan
  6142 | D:4      | Gained mutation: You have a pair of large antennae on your head. (SInv) [demonic ancestry]
  6142 | D:4      | Reached XP level 8. HP: 53/53 MP: 9/15
  6231 | D:4      | Killed Duvessa
  6505 | D:5      | Killed Edmund
  6505 | D:5      | Reached skill level 5 in Spellcasting
  7407 | D:6      | Reached skill level 6 in Spellcasting
  8200 | D:7      | Reached skill level 7 in Spellcasting
  8200 | D:7      | Gained mutation: When hurt, damage is shared between your health and your magic reserves. [demonic ancestry]
  8200 | D:7      | Reached XP level 9. HP: 58/58 MP: 8/19
  8276 | D:7      | Found a runed door.
  8475 | D:7      | Reached skill level 8 in Spellcasting
  8683 | D:8      | Bought a ration for 55 gold pieces
  8706 | D:8      | Bought a ration for 55 gold pieces
  8741 | D:8      | Reached skill level 9 in Spellcasting
  9001 | D:8      | Bought a ration for 55 gold pieces
  9002 | D:8      | Bought a ration for 55 gold pieces
  9002 | D:8      | Bought a ration for 55 gold pieces
  9002 | D:8      | Bought a ration for 55 gold pieces
  9715 | D:7      | You fall through a shaft for 2 floors!
  9746 | D:9      | Noticed a two-headed ogre
  9773 | D:9      | Killed a two-headed ogre
  9773 | D:9      | Reached skill level 10 in Spellcasting
  9773 | D:9      | Gained mutation: You are mostly covered in rugged brown scales. (AC +2, +5% HP) [demonic ancestry]
  9773 | D:9      | Reached XP level 10. HP: 28/66 MP: 11/24
  9789 | D:9      | HP: 1/66 [hippogriff (3)]
 10109 | D:9      | Reached skill level 11 in Spellcasting
 10352 | D:7      | Noticed Crazy Yiuf
 10363 | D:7      | Killed Crazy Yiuf
 10762 | D:8      | Found a radiant altar of Vehumet.
 11049 | D:9      | Noticed a two-headed ogre
 11062 | D:9      | Killed a two-headed ogre
 11062 | D:9      | Reached skill level 12 in Spellcasting
 11279 | D:9      | Found a snail-covered altar of Cheibriados.
 11328 | D:9      | Found a runed gate.
 11329 | D:9      | Found an opulent altar of Gozag.
 11330 | D:9      | Found a runed gate.
 11330 | D:9      | Noticed an obsidian statue
 11331 | D:9      | Found a runed gate.
 11332 | D:9      | Found Mupinus's Assorted Antiques.
 11332 | D:9      | Noticed ThereIsNoGod's ghost (novice OpEE)
 11332 | D:9      | Noticed a yaktaur captain
 11399 | D:9      | Noticed Psyche
 11432 | D:9      | Killed Psyche
 11729 | D:9      | Killed an obsidian statue
 11733 | D:9      | Killed ThereIsNoGod's ghost
 11733 | D:9      | Reached XP level 11. HP: 41/71 MP: 8/27
 11934 | D:9      | HP: 1/71 [yaktaur captain/bolt (30)]
 12297 | D:9      | Killed a yaktaur captain
 12297 | D:9      | Reached skill level 5 in Dodging
 12574 | D:10     | Entered Level 10 of the Dungeon
 12603 | D:10     | Got a fine flail
 12604 | D:10     | Identified the cursed +2 flail "Nyvvoug" {crush, *Slow rElec MR+++ Dex+6} (You found it on level 10 of the Dungeon)
 12910 | D:10     | Noticed Urug
 12938 | D:10     | HP: 3/71 [Urug/long sword of draining (6)]
 12941 | D:10     | Mangled by Urug

Vault maps used:
D:1:      lightli_arrival_flooded_house, minmay_surrounded
D:2:      grunt_decor_arrowhead, bloody_trog
D:3:      gammafunk_ghost_smash, uniq_ijyb, uniq_robin
D:4:      uniq_duvessa
D:5:      minmay_temple_entry_statues_fountains, first_ration,
          ebering_ghost_disaster_area, nrook_mini_backslash, uniq_edmund
D:6:      nicolae_whirlpool
D:7:      uniq_crazy_yiuf_cottage
D:8:      vehumet_statue
D:9:      basic_altar, ebering_ghost_gozag, uniq_psyche
D:10:     uniq_erolcha, uniq_erica, uniq_fannar, uniq_urug
Temple:   grunt_wide_crystal_templ

Skill      XL: |  1  2  3  4  5  6  7  8  9 10 11 |
---------------+----------------------------------+-----
Stealth        | 2 |  2.0
Dodging        | 2 4 6 |  6.7
Earth Magic    | 3 4 5 6 8 |  8.0
Spellcasting   | 3 4 7 10 12 | 12.5
Transmutations | 1 2 |  2.0
Short Blades   | 2 |  2.0

Action                   |  1- 3 |  4- 6 |  7- 9 | 10-12 || total
-------------------------+-------+-------+-------+-------++-------
Melee: Unarmed           |     9 |     8 |       |       ||    17
       Dagger            |       |    45 |   321 |   109 ||   475
       Hand axe          |       |       |    15 |       ||    15
       Staff             |       |       |    15 |    12 ||    27
Throw: Stone             |       |     2 |       |       ||     2
 Cast: Sandblast         |    19 |    47 |    24 |    12 ||   102
       Petrify           |       |     7 |    31 |    34 ||    72
       Lee's Rapid Decon |       |     2 |     5 |     4 ||    11
       Passwall          |       |     1 |     9 |     2 ||    12
       Stone Arrow       |       |       |    78 |    56 ||   134
Invok: Call Merchant     |       |       |     1 |       ||     1
       Potion Petition   |       |       |       |     1 ||     1
Evoke: Wand              |       |     1 |       |     7 ||     8
  Use: Scroll            |       |     8 |     1 |     9 ||    18
       Potion            |       |     3 |     2 |     6 ||    11
 Stab: Petrified         |       |    22 |    68 |    31 ||   121
       Petrifying        |       |     1 |     1 |     5 ||     7
       Sleeping          |       |       |     8 |     3 ||    11
  Eat: Chunk             |       |     5 |       |       ||     5
       Ration            |       |     2 |    10 |     3 ||    15
Armor: Robe              |     4 |    16 |    65 |    24 ||   109
       Skin              |       |     7 |       |    16 ||    23
Dodge: Dodged            |    10 |    40 |   180 |    73 ||   303

Table legend:
 A = Spawn XP
 B = Non-spawn XP
 C = Spawn XP percentage of total XP
 D = Spawn monster count
 E = Non-spawn monster count
 F = Spawn count percentage of total count
 G = Total turns spent on level
                    A         B        C        D         E        F      G
               +---------+---------+-------+---------+---------+-------+---------
         Total |       0 |   14133 |   0.0 |       0 |     240 |   0.0 | 12941
               +---------+---------+-------+---------+---------+-------+---------
           D:1 |       0 |      40 |   0.0 |       0 |      24 |   0.0 |   736
           D:2 |       0 |      96 |   0.0 |       0 |      23 |   0.0 |   876
           D:3 |       0 |     420 |   0.0 |       0 |      29 |   0.0 |  1977
           D:4 |       0 |     662 |   0.0 |       0 |      17 |   0.0 |  1243
           D:5 |       0 |     467 |   0.0 |       0 |      14 |   0.0 |  1732
           D:6 |       0 |     880 |   0.0 |       0 |      26 |   0.0 |  1332
           D:7 |       0 |    1366 |   0.0 |       0 |      31 |   0.0 |  1171
           D:8 |       0 |    1778 |   0.0 |       0 |      33 |   0.0 |  1611
           D:9 |       0 |    6748 |   0.0 |       0 |      31 |   0.0 |  1718
          D:10 |       0 |    1640 |   0.0 |       0 |      10 |   0.0 |   342
        Temple |       0 |      36 |   0.0 |       0 |       2 |   0.0 |   203
               +---------+---------+-------+---------+---------+-------+---------
